 Dungeon Crawl Stone Soup version 0.22.0-16-gc6d26f6 (webtiles) character file.

854 Lew the Shield-Bearer (level 8, -5/63 HPs)
             Began as a Formicid Fighter on Aug 17, 2018.
             Slain by an orc priest
             ... wielding a +0 hand axe
              (10 damage)
             ... on level 5 of the Dungeon.
             The game lasted 00:09:55 (4421 turns).

Lew the Shield-Bearer (Formicid Fighter)            Turns: 4421, Time: 00:09:56

Health: -5/63      AC:  4    Str: 25 (26) XL:     8   Next: 21%
Magic:  8/8        EV: 12    Int:  5 (7)  God:
Gold:   282        SH: 11    Dex: 12      Spells: 7/7 levels left

rFire    . . .     SeeInvis +   a - +1 war axe
rCold    . . .     Gourm    .   c - +0 shield
rNeg     . . .     Faith    .   e - +2 robe "Rorun" {Str+4}
rPois    .         Spirit   .   (helmet unavailable)
rElec    .         Reflect  .   j - scarf {repulsion}
rCorr    .         Harm     .   (no gloves)
MR       .....                  (no boots)
Stlth    +.........             (no amulet)
HPRegen  0.20/turn              (no ring)
MPRegen  0.11/turn              (no ring)

@: lethally poisoned (-5 -> -6), repel missiles
A: permanent stasis, dig shafts and tunnels, four strong arms, antennae 3
a: Dig, Shaft Self


You were on level 5 of the Dungeon.
You were not hungry.

You visited 1 branch of the dungeon, and saw 5 of its levels.

You collected 282 gold pieces.

Inventory:

Hand Weapons
 a - a +1 war axe (weapon)
Armour
 b - a +0 scale mail
 c - a +0 shield (worn)
 d - a +0 cloak
 e - the +2 robe "Rorun" (worn) {Str+4}
   (You found it on level 5 of the Dungeon)

   It affects your strength (+4).
 j - a scarf of repulsion (worn)
Wands
 i - a wand of paralysis (16)
 m - a wand of iceblast (11)
Scrolls
 g - a scroll of immolation
 h - 2 scrolls of remove curse
 l - a scroll of magic mapping
Potions
 k - a potion of brilliance
 n - 2 potions of cancellation {unknown}
Comestibles
 f - 3 rations


   Skills:
 + Level 5.4 Fighting
 + Level 4.3 Axes
 + Level 5.3 Armour
 + Level 3.3 Dodging
 + Level 5.8 Shields


You had 7 spell levels left.
You didn't know any spells.
Your spell library was empty.

Dungeon Overview and Level Annotations

Branches:
Dungeon (5/15)
 Temple: D:4-7

Altars:
Ashenzari
Cheibriados
Dithmenos
Fedhas
Qazlal
Xom
The Shining One


Innate Abilities, Weirdness & Mutations

You cannot be hasted, slowed, berserked, paralysed or teleported.
You can dig through walls and to a lower floor.
Your four strong arms can wield two-handed weapons with a shield.
You have a pair of large antennae on your head. (SInv)


Message History

The orc priest is heavily wounded.
You closely miss the adder.
You feel sick. You block the adder's attack.
The orc priest invokes the aid of Beogh against you.
Beogh smites you!
* * * LOW HITPOINT WARNING * * *
You block the adder's attack.
The orc priest begins to cast a cantrip, but forgets the words!
You hit the orc priest but do no damage.
The orc priest is heavily wounded.
You barely miss the adder. You slash the orc priest!
You block the adder's attack. The orc priest closely misses you.
The orc priest hits you with a hand axe.
* * * LOW HITPOINT WARNING * * *
You block the adder's attack.
You hit the orc priest.
The orc priest is severely wounded.
Your shield prevents you from hitting the orc priest.
You barely miss the adder. The adder barely misses you.
The orc priest hits you with a hand axe!
You die...

#..........
#....%.....
#..........
#..........
#..........
#..........
#...S......
#..@o......
########...o......
####
#.........##'#####
..<## #.#######.# >#
....# #.((....#)# #
###.###..####.#)##.#
#.#.)..# #..)...#
#.#.##.# #.######
###.#. #.#
#.#########


You could see 2 orc priests and an adder.

Vanquished Creatures
  2 sky beasts
  2 ogres (D:4)
  A centaur (D:5)
  A scorpion (D:5)
  A hound (D:5)
  An orc priest (D:4)
  3 orc wizards
  2 worker ants
  4 gnolls (D:5)
  4 adders
  An ooze (D:3)
  3 worms
  A dart slug (D:1)
  4 leopard geckos
  10 orcs
  3 giant cockroaches
  12 goblins
  11 hobgoblins
  11 jackals
  9 kobolds
  A quokka (D:4)
  7 bats
  4 frilled lizards
  8 rats
106 creatures vanquished.

Notes
Turn   | Place    | Note
-------+----------+-------------------------------------------
     0 | D:1      | Lew the Formicid Fighter began the quest for the Orb.
     0 | D:1      | Reached XP level 1. HP: 18/18 MP: 1/1
   252 | D:1      | Reached XP level 2. HP: 24/24 MP: 2/2
   473 | D:1      | Reached XP level 3. HP: 25/29 MP: 3/3
   572 | D:1      | Reached skill level 1 in Dodging
   983 | D:2      | Reached XP level 4. HP: 23/37 MP: 4/4
  1287 | D:2      | Found a shadowy altar of Dithmenos.
  1292 | D:2      | Found a snail-covered altar of Cheibriados.
  1299 | D:2      | Found a stormy altar of Qazlal.
  1304 | D:2      | Found a shattered altar of Ashenzari.
  1311 | D:2      | Found a shimmering altar of Xom.
  1316 | D:2      | Found a glowing golden altar of the Shining One.
  1333 | D:2      | Found a blossoming altar of Fedhas.
  1927 | D:2      | Reached XP level 5. HP: 12/42 MP: 5/5
  2416 | D:3      | You fall through a shaft!
  2416 | D:4      | Noticed a sky beast
  2453 | D:4      | Killed a sky beast
  2453 | D:4      | Reached XP level 6. HP: 48/48 MP: 6/6
  2877 | D:4      | Noticed an ogre
  2886 | D:4      | Killed an ogre
  3222 | D:4      | Reached skill level 5 in Shields
  3223 | D:4      | Reached XP level 7. HP: 44/55 MP: 7/7
  3705 | D:5      | Entered Level 5 of the Dungeon
  3724 | D:5      | Reached skill level 5 in Fighting
  3724 | D:5      | Reached skill level 5 in Armour
  3994 | D:5      | Got a heavily jewelled robe
  4005 | D:5      | Identified the +2 robe "Rorun" {Str+4} (You found it on level 5 of the Dungeon)
  4054 | D:5      | Reached XP level 8. HP: 23/62 MP: 8/8
  4421 | D:5      | Slain by an orc priest

Skill      XL: |  1  2  3  4  5  6  7 |
---------------+----------------------+-----
Shields        | 4 5 |  5.8
Dodging        | 1 2 3 |  3.3
Fighting       | 4 5 |  5.4
Armour         | 4 5 |  5.3
Axes           | 3 4 |  4.3

Action                   |  1- 3 |  4- 6 |  7- 9 || total
-------------------------+-------+-------+-------++-------
Melee: War axe           |   114 |   151 |   100 ||   365
 Abil: Dig               |       |       |     1 ||     1
  Use: Scroll            |       |     8 |       ||     8
       Potion            |       |     2 |     1 ||     3
  Eat: Ration            |       |     3 |     1 ||     4
Armor: Scale mail        |    63 |    87 |    16 ||   166
       Robe              |       |       |     8 ||     8
Dodge: Dodged            |    54 |    66 |    44 ||   164
Block: Shield            |    82 |    94 |    62 ||   238
